 Dungeon Crawl Stone Soup version 0.17-a0-6048-gac2d693 (webtiles) character file.

63639 AlphabetPasta the Severer (level 14, -38/127 HPs)
             Began as a Minotaur Gladiator on Dec 8, 2016.
             Was the Champion of Wundvrond.
             Annihilated by Rupert
             ... wielding a +3 great mace of draining
              (39 damage)
             ... on level 2 of the Orcish Mines.
             The game lasted 01:16:55 (17453 turns).

AlphabetPasta the Severer (Minotaur Gladiator)     Turns: 17453, Time: 01:16:55

Health: -38/127    AC: 26    Str: 23    XL:     14   Next: 68%
Magic:  13/13      EV: 11    Int:  5    God:    Wundvrond [******]
Gold:   1549       SH:  0    Dex: 25    Spells: 0 memorised, 13 levels left

rFire  . . .     SeeInvis .     a - +1 war axe (flame)
rCold  . . .     Gourm    .     s - +1 crystal plate armour
rNeg   . . .     Faith    .     (no shield)
rPois  +         Spirit   .     c - +1 hat
rElec  .         Reflect  .     I - +0 cloak of Tont {Dex+3}
rCorr  .         Harm     .     S - +0 pair of gloves
MR     +....                    q - +0 pair of boots
Stlth  ..........               E - amulet of regeneration
                                G - ring of poison resistance
                                A - +4 ring of dexterity

@: agile, heavily drained
A: retaliatory headbutt, horns 2
a: Renounce Religion


You were on level 2 of the Orcish Mines.
You worshipped Wundvrond.
Wundvrond was exalted by your worship.
You were not hungry.

You visited 4 branches of the dungeon, and saw 21 of its levels.
You also visited: Sewer and Bailey.

You collected 1771 gold pieces.
You spent 222 gold pieces at shops.

Inventory:

Hand Weapons
 a - a +1 war axe of flaming (weapon)
 b - a +0 arbalest
 D - a +0 flail of holy wrath
Missiles
 d - 5 throwing nets (quivered)
 J - 183 bolts
Armour
 c - a +1 hat (worn)
 q - a +0 pair of boots (worn)
 s - a +1 crystal plate armour (worn)
 I - the +0 cloak of Tont (worn) {Dex+3}
   (You found it in a bailey)

   It affects your dexterity (+3).
 S - a +0 pair of gloves (worn)
Rods
 o - a +7 lightning rod (13/13)
   (You found it in a bailey)
Jewellery
 j - an uncursed ring of ice
 z - the ring "Lesmal" {Wiz MR++}
   (You found it on level 5 of the Dungeon)

   [ring of wizardry]

   It improves your spell success rate.
   It affects your resistance to hostile enchantments.
 A - a +4 ring of dexterity (left hand)
 E - an amulet of regeneration (around neck)
 G - a ring of poison resistance (right hand)
 K - an uncursed ring of resist corrosion
 V - an uncursed ring of protection from fire
Wands
 n - a wand of lightning (11/15)
 y - a wand of iceblast (7/15)
 B - a wand of acid (9/15)
 F - a wand of iceblast (5/15)
 H - a wand of polymorph (15/24)
 Q - a wand of disintegration (6/24)
 R - a wand of acid (5/15)
 X - a wand of iceblast (3/15)
Scrolls
 l - 2 scrolls of magic mapping
 p - 5 scrolls of recharging
 v - 5 scrolls of blinking
 w - a scroll of teleportation
 x - a scroll of holy word
 C - 10 scrolls of remove curse
 M - 5 scrolls of fear
 O - a scroll of fog
 P - 3 scrolls of enchant armour
 U - a scroll of enchant weapon
Potions
 e - 4 potions of curing
 g - 2 potions of cancellation
 k - 2 potions of agility
 r - a potion of cure mutation
 t - a potion of flight
 u - 3 potions of resistance
 L - a potion of mutation {unknown}
 Y - 2 potions of invisibility
Comestibles
 f - 10 bread rations
 h - 8 beef jerkies
 i - 7 slices of pizza
 m - 6 chunks of flesh


   Skills:
 + Level 12.7(9.7) Fighting
 * Level 18.0(14.7) Axes
 * Level 14.5(11.4) Crossbows
 - Level 2.5(0.2) Throwing
 + Level 12.5(9.5) Armour
 - Level 4.7(2.3) Dodging
 - Level 2.4(0.1) Stealth
 - Level 1.1(0.0) Evocations


You had 13 spell levels left.
You didn't know any spells.

Dungeon Overview and Level Annotations

Branches:
Dungeon (12/15)            Temple (1/1) D:6            Lair (6/6) D:8
  Swamp (0/4) Lair:2       Spider (0/4) Lair:3        Slime (0/5) Lair:6
    Orc (2/2) D:11            Elf (0/3) Orc:2

Altars:
Ashenzari
Cheibriados
Dithmenos
Elyvilon
Fedhas
Gozag
Hepliaklqana
Kikubaaqudgha
Makhleb
Nemelex Xobeh
Okawaru
Qazlal
Ru
Sif Muna
Trog
Uskayaw
Vehumet Wundvrond
Xom
Yredelemnul
Zin
The Shining One
Beogh
Jiyva

Shops:
Orc:2 (*

Annotations:
Orc:2 Donald, Rupert


Innate Abilities, Weirdness & Mutations

You reflexively headbutt those who attack you in melee.
You have a pair of horns on your head.


Message History

The orc priest calls down the wrath of Beogh upon you.
Pain shoots through your body!
* * * LOW HITPOINT WARNING * * *
Donald mumbles some strange words.
Rupert rages.
You feel better.
Donald says, "I wonder if there's an end to this place."
Rupert hits you with a great mace of draining!
* * * LOW HITPOINT WARNING * * *
You feel drained.
* * * LOW HITPOINT WARNING * * *
The orc warrior grunts loudly, as Orcs often do.
Rupert hits you with a great mace of draining.
* * * LOW HITPOINT WARNING * * *
You feel drained.
You barely miss Rupert. You headbutt Rupert.
Rupert is lightly wounded.
Donald says, "I asked for directions to the rune, but they belched at me."
Rupert hits you with a great mace of draining!!!
You die...

.................(...#..
#.....(............o#.
.............o.....o.o.
.o...o......T.........P
....(...oo..........o..
.......oT..o........P..
#....##o##.o...........
.... #@@......#.....#..
... #@.#....###.......
#.........# ......
##.......... ##.###.#.#.
### ## #


You could see Rupert (berserk), Donald, an orc high priest, a troll, 3 orc
warriors, an orc priest and an orc.

Vanquished Creatures
  2 orc warlords
  Nessos (Orc:2)
  Fannar (D:12)
  Harold (Lair:1)
  6 hydras
  2 orc high priests (Orc:2)
  The ghost of Dipster the Cleaver, a novice MiFi of Wundvrond (D:7)
  An unseen horror (D:12)
  Pikel (D:5)
  7 orc knights
  3 ugly things
  2 orc sorcerers (Orc:1)
  An orb spider (Lair:3)
  A manticore (D:11)
  2 cyclopes
  2 centaur zombies
  12 black mambas
  7 elephants
  A torpor snail (Lair:6)
  Joseph (D:7)
  26 spiny frogs
  A gargoyle (D:11)
  4 komodo dragons
  2 rime drakes
  2 polar bears (Lair:6)
  5 tyrant leeches (Lair:6)
  7 trolls
  Grinder (D:5)
  6 hippogriffs
  14 blink frogs
  A slime creature (Lair:6)
  Sigmund (D:5)
  A shadow (D:12)
  4 basilisks
  5 wyverns
  25 yaks
  A steam dragon (D:9)
  7 vampire mosquitoes
  A hungry ghost (D:8)
  A mottled dragon (D:11)
  7 wargs
  Edmund (D:5)
  7 water moccasins
  4 porcupines
  24 orc warriors
  5 sky beasts
  3 slaves (D:5)
  6 ice beasts
  2 phantoms
  A black bear (D:6)
  26 wolves
  8 centaurs
  2 necrophages
  7 ogres
  17 crocodiles
  4 big kobolds
  4 earth elementals (D:10)
  22 bullfrogs
  A water moccasin skeleton (D:8)
  4 scorpions
  4 killer bees (D:10)
  4 wights
  7 electric eels
  A howler monkey (D:4)
  3 crimson imps
  3 centaur skeletons
  6 hounds
  5 jellies
  7 orc priests
  7 iguanas
  Terence (D:3)
  A bullfrog skeleton (D:4)
  10 worker ants
  11 orc wizards
  6 hell rats (Lair:4)
  A killer bee zombie (D:10)
  3 hound skeletons
  2 worker ant zombies
  A howler monkey skeleton (D:8)
  4 river rats
  12 adders
  2 shadow imps
  10 oozes
  2 adder skeletons
  4 worms
  5 dart slugs
  5 leopard geckos
  84 orcs
  5 ball pythons
  7 bats
  4 giant cockroaches
  5 goblins
  10 hobgoblins
  9 jackals
  5 quokkas
  7 frilled lizards
  23 kobolds
  A leopard gecko skeleton (D:4)
  18 rats
  3 fungi
  3 plants
636 creatures vanquished.

Vanquished Creatures (collateral kills)
  A yak (D:12)
1 creature vanquished.

Vanquished Creatures (others)
  12 fungi (Lair:6)
  40 plants
52 creatures vanquished.

Grand Total: 689 creatures vanquished

Notes
Turn   | Place    | Note
-------+----------+-------------------------------------------
     0 | D:1      | AlphabetPasta the Minotaur Gladiator began the quest for the Orb.
     0 | D:1      | Reached XP level 1. HP: 18/18 MP: 0/0
   100 | D:1      | Reached XP level 2. HP: 19/25 MP: 1/1
   260 | D:1      | Reached skill level 4 in Axes
   449 | D:1      | Reached XP level 3. HP: 30/30 MP: 2/2
   823 | D:2      | Reached skill level 1 in Armour
   983 | D:2      | Reached XP level 4. HP: 13/38 MP: 3/3
  1684 | D:3      | Noticed Terence
  1696 | D:3      | Killed Terence
  1696 | D:3      | Reached skill level 5 in Axes
  1739 | D:3      | Found a shadowy altar of Dithmenos.
  1811 | D:3      | Reached XP level 5. HP: 46/46 MP: 4/4
  2394 | D:3      | Found a burning altar of Makhleb.
  2394 | D:3      | Found a shimmering altar of Xom.
  2401 | D:3      | Found a faded altar of an unknown god.
  2403 | D:3      | Found a basalt altar of Yredelemnul.
  2404 | D:3      | Found a faded altar of an unknown god.
  2703 | D:4      | Found an opulent altar of Gozag.
  2785 | D:4      | Reached XP level 6. HP: 47/52 MP: 5/5
  2847 | D:4      | Reached skill level 1 in Stealth
  2865 | D:4      | Reached skill level 6 in Axes
  3113 | D:5      | Entered Level 5 of the Dungeon
  3132 | D:5      | Got a warped marble ring
  3160 | D:5      | Noticed Edmund
  3179 | D:5      | Killed Edmund
  3179 | D:5      | Reached skill level 7 in Axes
  3179 | D:5      | Reached XP level 7. HP: 45/60 MP: 6/6
  3224 | D:5      | Reached skill level 5 in Fighting
  3278 | D:5      | Noticed Sigmund
  3293 | D:5      | Killed Sigmund
  3330 | D:5      | Reached skill level 8 in Axes
  3385 | D:5      | Noticed Grinder
  3416 | D:5      | Reached XP level 8. HP: 37/70 MP: 7/7
  3440 | D:5      | Paralysed by Grinder for 2 turns
  3447 | D:5      | Paralysed by Grinder for 6 turns
  3460 | D:5      | Killed Grinder
  3460 | D:5      | Reached skill level 9 in Axes
  3507 | D:5      | Noticed Pikel
  3528 | D:5      | Reached skill level 5 in Armour
  3967 | D:5      | Reached skill level 1 in Evocations
  4098 | D:5      | Killed Pikel
  4098 | D:5      | Reached skill level 10 in Axes
  4098 | D:5      | Reached XP level 9. HP: 65/78 MP: 8/8
  4500 | D:6      | Found a glowing drain.
  4508 | Sewer    | Entered a sewer
  4802 | Sewer    | Reached skill level 11 in Axes
  5134 | D:6      | Found a staircase to the Ecumenical Temple.
  5139 | Temple   | Entered the Ecumenical Temple
  5147 | Temple   | Became a worshipper of Wundvrond
  5348 | D:6      | Reached skill level 1 in Crossbows
  5880 | D:7      | Noticed Joseph
  5893 | D:7      | Killed Joseph
  5909 | D:7      | Found a snail-covered altar of Cheibriados.
  5960 | D:7      | Noticed Dipster's ghost (novice MiFi)
  5987 | D:7      | Killed Dipster's ghost
  5987 | D:7      | Reached skill level 12 in Axes
  6123 | D:7      | Reached * piety under Wundvrond
  6213 | D:7      | Reached XP level 10. HP: 86/86 MP: 9/9
  6221 | D:7      | Identified the ring "Lesmal" {Wiz MR++} (You found it on level 5 of the Dungeon)
  6470 | D:8      | Reached skill level 5 in Crossbows
  6498 | D:8      | Found a bloodstained altar of Trog.
  6680 | D:8      | Found a glowing silver altar of Zin.
  7065 | D:8      | Found a staircase to the Lair.
  7403 | D:9      | Reached ** piety under Wundvrond
  7889 | D:10     | Entered Level 10 of the Dungeon
  8002 | D:10     | Reached skill level 13 in Axes
  8067 | D:10     | Found a flagged portal.
  8092 | Bailey   | Entered a bailey
  8206 | Bailey   | Noticed an orc knight
  8209 | Bailey   | Noticed an orc knight
  8212 | Bailey   | Noticed an orc knight
  8340 | Bailey   | Killed an orc knight
  8343 | Bailey   | Killed an orc knight
  8343 | Bailey   | Reached XP level 11. HP: 95/95 MP: 10/10
  8348 | Bailey   | Killed an orc knight
  8354 | Bailey   | Noticed an orc knight
  8370 | Bailey   | Killed an orc knight
  8497 | Bailey   | Got a jewelled cloak
  8519 | Bailey   | Identified the +0 cloak of Tont {Dex+3} (You found it in a bailey)
  8718 | D:10     | Reached *** piety under Wundvrond
  9121 | D:10     | Noticed a purple ugly thing
  9129 | D:10     | Killed a purple ugly thing
  9375 | D:11     | Noticed an orc knight
  9386 | D:11     | Reached skill level 14 in Axes
  9396 | D:11     | Killed an orc knight
  9476 | D:11     | Noticed a white ugly thing
  9488 | D:11     | Killed a white ugly thing
  9590 | D:11     | Identified Sommetopt's Tome of Contamination and Enhancements
  9632 | D:11     | Reached **** piety under Wundvrond
  9636 | D:11     | Found a staircase to the Orcish Mines.
 10073 | D:11     | Found a something altar of Wundvrond.
 10171 | D:11     | Noticed a brown ugly thing
 10176 | D:11     | Killed a brown ugly thing
 10342 | D:12     | Noticed Fannar
 10350 | D:12     | Reached XP level 12. HP: 66/106 MP: 11/11
 10359 | D:12     | Killed Fannar
 10359 | D:12     | Reached skill level 10 in Fighting
 10359 | D:12     | Reached skill level 10 in Crossbows
 10660 | D:12     | Found a stormy altar of Qazlal.
 11007 | D:12     | Reached skill level 10 in Armour
 11128 | D:12     | Reached skill level 15 in Axes
 11395 | Lair:1   | Entered Level 1 of the Lair of Beasts
 11586 | Lair:1   | Noticed Harold
 11602 | Lair:1   | Killed Harold
 11610 | Lair:1   | Reached ***** piety under Wundvrond
 11619 | Lair:1   | Noticed a five-headed hydra
 11627 | Lair:1   | Killed a one-headed hydra
 11654 | Lair:1   | Found a shattered altar of Ashenzari.
 11783 | Lair:1   | Noticed a six-headed hydra
 11790 | Lair:1   | Killed a two-headed hydra
 12357 | Lair:2   | Found a staircase to the Swamp.
 13009 | Lair:3   | Noticed a four-headed hydra
 13019 | Lair:3   | Killed a one-headed hydra
 13263 | Lair:3   | Reached XP level 13. HP: 116/116 MP: 12/12
 13430 | Lair:3   | Found a hole to the Spider Nest.
 13589 | Lair:4   | Reached skill level 16 in Axes
 13821 | Lair:4   | Reached ****** piety under Wundvrond
 14500 | Lair:5   | You fall through a shaft!
 14500 | Lair:6   | Entered Level 6 of the Lair of Beasts
 14994 | Lair:6   | Found a staircase to the Slime Pits.
 14995 | Lair:6   | Found a viscous altar of Jiyva.
 15141 | Lair:5   | Reached skill level 17 in Axes
 15230 | Lair:6   | Reached XP level 14. HP: 99/126 MP: 13/13
 15620 | Lair:6   | Got an ancient hand crossbow
 15621 | Lair:6   | Identified the +8 hand crossbow of Honour {speed, Fragile Dex+5} (You found it on level 6 of the Lair of Beasts)
 15791 | Lair:6   | Identified a scroll of acquirement
 16130 | Orc:1    | Entered Level 1 of the Orcish Mines
 16250 | Orc:2    | Entered Level 2 of the Orcish Mines
 16253 | Orc:2    | Noticed an orc warlord
 16267 | Orc:2    | Found Ruilout's General Store.
 16325 | Orc:2    | Killed an orc warlord
 16473 | Orc:2    | Bought a scroll of holy word for 90 gold pieces
 16473 | Orc:2    | Bought a potion of curing for 36 gold pieces
 16473 | Orc:2    | Bought a potion of heal wounds for 60 gold pieces
 16473 | Orc:2    | Bought a scroll of teleportation for 36 gold pieces
 16539 | Orc:2    | Noticed Nessos
 16548 | Orc:2    | Killed Nessos
 16685 | Orc:1    | Noticed an orc warlord
 16716 | Orc:1    | Killed an orc warlord
 16716 | Orc:1    | Reached skill level 18 in Axes
 16744 | Orc:1    | Found a roughly hewn altar of Beogh.
 16964 | Orc:2    | Found a staircase to the Elven Halls.
 16995 | Orc:2    | Found Fir Vaut's Antique Weapon Emporium.
 17263 | Orc:1    | Found a roughly hewn altar of Beogh.
 17414 | Orc:2    | Noticed Donald
 17420 | Orc:2    | Noticed Rupert
 17448 | Orc:2    | HP: 4/127 [orc priest/nerve-wracking pain (14)]
 17451 | Orc:2    | HP: 1/127 [Rupert/great mace of draining (2)]
 17453 | Orc:2    | Annihilated by Rupert

Vault maps used:
D:1:      lemuel_arrival_river_ford, st_stairs_2
D:3:      lemuel_round_altar, chequers_temple_overflow_minitemple, st_stairs_7,
          uniq_terence
D:4:      kennysheep_little_box, first_bread
D:5:      uniq_sigmund, uniq_edmund, uniq_grinder, uniq_pikel
D:6:      gup_sewer_entry_bubbles
D:7:      marbit_many_paths, uniq_joseph
D:8:      nicolae_overflow_crystal_walls, lemuel_round_altar, lair_0_dummy,
          grunt_ogre_cave, corexii_corridor_pit
D:9:      special_room, kennysheep_small_circle
D:10:     minmay_stone_box, enter_bailey_2, minivault_23
D:11:     orc_0_dummy, basic_altar
D:12:     wad_lake_hut, basic_altar, uniq_fannar
Temple:   eino_narrow_crystal_temple
Lair:1:   basic_altar, fungi_pond_lemuel, beast_lair_carwin_6,
          grunt_megastairs_5, uniq_harold
Lair:2:   swamp_mist, grunt_megastairs_1
Lair:3:   nicolae_spider_entry_orb_guardian, infiniplex_staircase_pool
Lair:6:   minmay_lair_end_frog_pond, slime_altar_1, hangedman_lair_generics_rect
Orc:1:    basic_altar, mines1_david
Orc:2:    grunt_orc_gardens, grunt_orc_garden, grunt_orc_garden,
          grunt_orc_garden, grunt_orc_garden, uniq_nessos, uniq_rupert,
          uniq_donald
Sewer:    sewer_co_tree
Bailey:   bailey_polearm_1, bailey

Skill      XL: |  1  2  3  4  5  6  7  8  9 10 11 12 13 14 |
---------------+-------------------------------------------+-----
Axes           | 4 5 7 8 10 12 13 14 15 17 18 | 18.0
Fighting       | 3 4 5 6 7 8 9 11 12 | 12.7
Armour         | 1 2 3 4 5 6 8 9 10 11 12 | 12.5
Dodging        | 4 |  4.7
Stealth        | 1 2 |  2.4
Evocations     | 1 |  1.1
Crossbows      | 4 7 9 11 13 14 | 14.5
Throwing       | |  2.5

Action                   |  1- 3 |  4- 6 |  7- 9 | 10-12 | 13-15 || total
-------------------------+-------+-------+-------+-------+-------++-------
Melee: War axe           |    84 |   144 |   278 |   609 |   649 ||  1764
       Headbutt          |     9 |    30 |    50 |   161 |   201 ||   451
       Halberd           |       |       |       |    76 |       ||    76
 Fire: Hand crossbow     |       |       |       |    14 |    16 ||    30
       Arbalest          |       |       |       |       |    22 ||    22
Throw: Throwing net      |       |     1 |     1 |       |       ||     2
       Javelin           |       |       |     4 |     2 |       ||     6
Evoke: Wand              |       |       |     5 |    18 |       ||    23
  Use: Scroll            |     5 |     8 |     4 |    15 |     6 ||    38
       Potion            |       |       |     3 |     6 |    10 ||    19
 Stab: Held in net/web   |       |       |     1 |       |       ||     1
       Paralysed         |       |       |     3 |       |       ||     3
       Invisible         |       |       |       |       |    23 ||    23
  Eat: Chunk             |       |     7 |     6 |    13 |     5 ||    31
       Pizza             |       |       |     1 |     2 |       ||     3
       Bread ration      |       |       |     1 |       |       ||     1
       Meat ration       |       |       |       |     2 |     1 ||     3
       Fruit             |       |       |       |       |     2 ||     2
Armor: Leather armour    |    18 |     4 |       |       |       ||    22
       Chain mail        |       |    68 |   105 |    11 |       ||   184
       Plate armour      |       |       |       |    91 |       ||    91
       Crystal plate arm |       |       |       |   257 |   353 ||   610
Dodge: Dodged            |    53 |    64 |   111 |   278 |   462 ||   968
